 Dungeon Crawl Stone Soup version 0.25.0-3-gd7cc5688da (console) character file.

Game seed: 5416004341088042102

941 Garrluk the Chucker (level 8, -10/83 HPs)
             Began as an Ogre Hunter on June 15, 2020.
             Was an Initiate of Trog.
             Engulfed by a cloud of freezing vapour (25 damage)
             ... on level 5 of the Dungeon.
             The game lasted 00:17:01 (6422 turns).

Garrluk the Chucker (Ogre Hunter)                   Turns: 6422, Time: 00:17:01

Health: -10/83     AC:  6    Str: 19    XL:     8   Next: 12%
Magic:  8/8        EV: 11    Int: 12    God:    Trog [......]
Gold:   338        SH:  0    Dex:  9    Spells: 7/7 levels left

rFire    . . .     SeeInvis .   u - +0 giant club
rCold    . . .     Gourm    .   (shield currently unavailable)
rNeg     . . .     Faith    .   d - +2 robe {MR+}
rPois    .         Spirit   .   c - +0 hat
rElec    .         Reflect  .   l - +0 cloak
rCorr    .         Harm     .   (gloves unavailable)
MR       +....                  (boots unavailable)
Stlth    +.........             (no amulet)
HPRegen  0.23/turn              (no ring)
MPRegen  0.11/turn              (no ring)

@: no status effects
A: large, unfitting armour, tough skin 1
a: Renounce Religion


You were on level 5 of the Dungeon.
You worshipped Trog.
Trog was noncommittal.
You were not hungry.

You visited 1 branch of the dungeon, and saw 5 of its levels.

You collected 338 gold pieces.

Inventory:

Hand Weapons
 e - a +0 club
 u - a +0 giant club (weapon)
Missiles
 a - 99 stones
 b - a throwing net
 p - 3 large rocks (quivered)
Armour
 c - a +0 hat (worn)
 d - a +2 robe of magic resistance (worn)
 l - a +0 cloak (worn)
 n - a scarf of invisibility
Wands
 q - a wand of flame (21)
Scrolls
 g - 8 scrolls of identify {unknown}
 h - a scroll of enchant weapon {unknown}
 i - a scroll of amnesia {unknown}
 m - a scroll of teleportation {unknown}
 s - a scroll of blinking {unknown}
 t - 4 scrolls of enchant armour {unknown}
 w - a scroll of noise {unknown}
 x - 2 scrolls of remove curse {unknown}
 y - a scroll of fog {unknown}
Potions
 j - 2 potions of curing
 k - a potion of stabbing
 o - a potion of magic {unknown}
 r - a potion of degeneration {unknown}
 v - a potion of lignification {unknown}
Comestibles
 f - 10 rations


   Skills:
 + Level 5.9 Fighting
 + Level 3.2 Maces & Flails
 * Level 7.0 Throwing
 + Level 4.0 Dodging
 - Level 0.6 Stealth


You had 7 spell levels left.
You didn't know any spells.
Your spell library was empty.

Dungeon Overview and Level Annotations

Branches:
Dungeon (5/15)             Temple (0/1) D:4

Altars:
Kikubaaqudgha
Trog

Annotations:
D:3 2 transporters, EnegeticOcto's ghost, amateur OpTm


Innate Abilities, Weirdness & Mutations

You are too large for most types of armour.
You have tough skin. (AC +1)


Message History

There is an open door here.
Partly explored, can't reach some items.
Really walk into a travel-excluded area?
Okay, then.
Press: ? - help, . - travel You can't see that place. [the floor.] Unknown command.
Really walk into a travel-excluded area?
You are engulfed in freezing vapours.
You are engulfed in freezing vapours.
Press: ? - help, v - describe, . - travel The floor.
There is a cloud of freezing vapour here.
Unknown command.
You are engulfed in freezing vapours.
You are engulfed in freezing vapours.
* * * LOW HITPOINT WARNING * * *
You are engulfed in freezing vapours.
You die...

#######################
#######################
##$$$$☼☼☼☼☼☼☼☼☼°°°○○○##
####################○##
#####..°°°°°°@°°☼☼☼☼☼§§○##
####...##'###################
.....####.##############....#
###### #.#### #....>...# #
#....# ###.####...# ####.#
#...# ##### #.# #.#### ####
#.#####....## ...#
#...##...#..# .#.#
#.#.#.(.###.# #..######
#.....### #.#


There were no monsters in sight!

Vanquished Creatures
  Sigmund (D:4)
  An ice beast (D:5)
  A phantom (D:5)
  2 ogres
  A centaur (D:5)
  A water moccasin skeleton (D:5)
  A hound (D:4)
  A jelly (D:5)
  An orc priest (D:3)
  An orc wizard (D:3)
  A worker ant (D:4)
  A hound skeleton (D:5)
  7 adders
  2 oozes (D:2)
  An adder zombie (D:5)
  4 worms
  2 dart slugs
  2 leopard geckos (D:1)
  3 orcs (D:3)
  7 bats
  3 giant cockroaches (D:2)
  10 goblins
  8 hobgoblins
  8 jackals
  A quokka (D:5)
  4 frilled lizards
  A jackal zombie (D:5)
  4 kobolds
  A leopard gecko skeleton (D:4)
  3 rats
84 creatures vanquished.

Notes
Turn   | Place    | Note
-------+----------+-------------------------------------------
     0 | D:1      | Garrluk the Ogre Hunter began the quest for the Orb.
     0 | D:1      | Reached XP level 1. HP: 22/22 MP: 1/1
    56 | D:1      | Reached XP level 2. HP: 9/29 MP: 2/2
   528 | D:1      | Reached XP level 3. HP: 6/37 MP: 3/3
  1914 | D:2      | Reached XP level 4. HP: 45/45 MP: 4/4
  2058 | D:2      | Found an ancient bone altar of Kikubaaqudgha.
  2432 | D:3      | Reached skill level 1 in Maces & Flails
  2489 | D:3      | Noticed an ogre
  2490 | D:3      | Noticed an ogre
  2572 | D:3      | Reached skill level 5 in Throwing
  2760 | D:3      | Found a bloodstained altar of Trog.
  2768 | D:3      | Became a worshipper of Trog the Wrathful
  2800 | D:3      | Reached XP level 5. HP: 41/54 MP: 5/5
  2972 | D:3      | Found a transporter.
  2973 | D:3      | Found a transporter.
  2973 | D:3      | Noticed an ogre
  2973 | D:3      | Noticed EnegeticOcto's ghost (amateur OpTm)
  3905 | D:4      | Found a staircase to the Ecumenical Temple.
  3909 | D:4      | Noticed an ogre
  3923 | D:4      | Killed an ogre
  3923 | D:4      | Reached XP level 6. HP: 47/63 MP: 6/6
  4767 | D:4      | Noticed Sigmund
  4820 | D:5      | Entered Level 5 of the Dungeon
  5108 | D:4      | Killed Sigmund
  5108 | D:4      | Reached skill level 5 in Fighting
  5108 | D:4      | Reached skill level 6 in Throwing
  5108 | D:4      | Reached XP level 7. HP: 42/72 MP: 7/7
  6161 | D:5      | Reached XP level 8. HP: 83/83 MP: 8/8
  6350 | D:5      | Reached skill level 7 in Throwing
  6422 | D:5      | Engulfed by a cloud of freezing vapour

Illustrated notes

Levels and vault maps discovered:
D:1:      lightli_arrival_statuegarden, layout_loops_ring
D:2:      layout_loops_ring, nicolae_overflow_hidden_temple, serial_glass,
          glass_columns_b, glass_columns_b, glass_columns_a, glass_columns_a,
          glass_columns_c, glass_columns_b, minmay_tetromino_o2
D:3:      layout_loops_cross, gammafunk_ghost_smash, trog_book
D:4:      layout_basic, minmay_temple_entry_wispy, uniq_sigmund
D:5:      lemuel_ice_spiral_2, layout_rooms, first_ration

Skill      XL: |  1  2  3  4  5  6  7  8 |
---------------+-------------------------+-----
Fighting       | 3 4 5 |  5.9
Dodging        | 2 3 4 |  4.0
Maces & Flails | 1 2 3 |  3.2
Throwing       | 5 6 7 |  7.0
Stealth        | |  0.6

Action                   |  1- 3 |  4- 6 |  7- 9 || total
-------------------------+-------+-------+-------++-------
Melee: Short sword       |    45 |       |       ||    45
       Club              |   108 |   143 |       ||   251
       Giant club        |       |    39 |    27 ||    66
Throw: Large rock        |    14 |    32 |    18 ||    64
       Stone             |    27 |     9 |    10 ||    46
       Throwing net      |       |     4 |       ||     4
  Use: Potion            |       |     4 |       ||     4
 Stab: Sleeping          |       |     1 |       ||     1
  Eat: Chunk             |     2 |    10 |     2 ||    14
       Ration            |       |     1 |       ||     1
Armor: Robe              |    46 |    59 |    24 ||   129
Dodge: Dodged            |    99 |   113 |    24 ||   236
